 Dungeon Crawl Stone Soup version 0.27-a0-1052-g1420032 (webtiles) character file.

Game seed: 18265031566463123716

5156 Nithhogg the Lightning Rod (level 10, -2/73 (80) HPs)
             Began as a Demonspawn Fighter on Apr 20, 2021.
             Was a Follower of Qazlal.
             Killed from afar by a gargoyle (18 damage)
             ... with a stone arrow
             ... on level 9 of the Dungeon.
             The game lasted 00:18:06 (11172 turns).

Nithhogg the Lightning Rod (Demonspawn Fighter)    Turns: 11172, Time: 00:18:06

HP:   -2/73 (80)    AC: 13    Str: 19    XL:     10   Next: 33%
MP:   0/17          EV: 10    Int: 10    God:    Qazlal [*.....]
Gold: 981           SH:  1    Dex: 13    Spells: 9/9 levels left

rFire    . . .     SeeInvis .   n - +5 battleaxe (freeze)
rCold    . . .     Faith    .   (shield currently unavailable)
rNeg     . . .     Spirit   +   b - +0 scale mail
rPois    .         Reflect  .   (helmet restricted)
rElec    .         Harm     +   t - scarf {harm}
rCorr    .         Rampage  .   h - +0 pair of gloves
Will     .....                  (no boots)
Stlth    ..........             (no amulet)
HPRegen  0.22/turn              g - +4 ring of protection
MPRegen  0.30/turn              m - ring of flight

@: flying, drained
A: antennae 1, foul stench 1, magic shield, magic regeneration, magic link,
hooves 1, wild magic 1
a: Renounce Religion


You were on level 9 of the Dungeon.
You worshipped Qazlal.
Qazlal was aware of your devotion.
You visited 2 branches of the dungeon, and saw 10 of its levels.
You also visited: Bailey.

You collected 981 gold pieces.

Inventory:

Hand Weapons
 n - a +5 battleaxe of freezing (weapon)
Missiles
 d - 6 atropa-tipped darts
 B - a curare-tipped dart
Armour
 b - a +0 scale mail (worn)
 c - a +0 kite shield
 h - a +0 pair of gloves (worn)
 t - a scarf of harm (worn)
Jewellery
 e - a ring of protection from cold
 g - a +4 ring of protection (left hand)
 j - a ring of fire
 m - a ring of flight (right hand)
 s - a ring of wizardry
 w - a ring of fire
 A - a ring of ice
 E - a +6 ring of strength
Wands
 k - a wand of paralysis (7)
 l - a wand of acid (6) (quivered)
 r - a wand of polymorph (21)
Scrolls
 a - a scroll of holy word {unknown}
 f - a scroll of blinking {unknown}
 i - 3 scrolls of brand weapon
 p - a scroll of amnesia
 q - 3 scrolls of identify
 y - a scroll of vulnerability {unknown}
 z - a scroll of enchant armour {unknown}
 C - a scroll of noise {unknown}
Potions
 o - a potion of invisibility
 u - a potion of magic
 v - 5 potions of curing {unknown}
 x - a potion of haste {unknown}
 D - a potion of brilliance {unknown}


   Skills:
 + Level 8.2 Fighting
 + Level 7.2 Axes
 + Level 7.5 Armour
 + Level 1.8 Dodging
 - Level 2.6 Shields
 + Level 9.8 Invocations


You had 9 spell levels left.
You didn't know any spells.
Your spell library contained the following spells:

 Spells                   Type           Power      Damage    Failure   Level
 Animate Skeleton         Necr           0%         N/A       77%         1
 Apportation              Tloc           0%         N/A       77%         1
 Beastly Appendage        Tmut           0%         N/A       77%         1
 Corona                   Hex            0%         N/A       77%         1
 Pain                     Necr           0%         1d4       77%         1
 Ensorcelled Hibernation  Hex/Ice        0%         N/A       88%         2
 Wereblood                Tmut           0%         N/A       88%         2
 Confusing Touch          Hex            0%         N/A       98%         3
 Dazzling Flash           Conj/Hex       0%         N/A       98%         3
 Lesser Beckoning         Tloc           0%         N/A       98%         3
 Spider Form              Tmut/Pois      0%         N/A       98%         3
 Tukima's Dance           Hex            0%         N/A       98%         3
 Vampiric Draining        Necr           0%         2d6       98%         3
 Animate Dead             Necr           0%         N/A       100%        4
 Ice Form                 Ice/Tmut       0%         N/A       100%        4
 Agony                    Necr           0%         N/A       100%        5
 Alistair's Intoxication  Tmut/Pois      0%         N/A       100%        5
 Hydra Form               Tmut           0%         N/A       100%        5
 Invisibility             Hex            0%         N/A       100%        6


Dungeon Overview and Level Annotations

Branches:
Dungeon (9/15)             Temple (1/1) D:7          Bailey (visited)
   Lair: D:8-11         Orc: D:9-12

Altars:
Ashenzari
Cheibriados
Dithmenos
Elyvilon
Fedhas
Gozag
Hepliaklqana
Kikubaaqudgha
Makhleb
Nemelex Xobeh
Okawaru
Qazlal
Ru
Sif Muna
Trog
Uskayaw
Vehumet
Wu Jian
Xom
Yredelemnul
Zin
The Shining One

Shops:
D:5 (   D:9 [


Innate Abilities, Weirdness & Mutations

You have a pair of small antennae on your head.
You may rarely emit foul miasma when damaged in melee.
When hurt, damage is shared between your health and your magic reserves.
You regenerate magic rapidly.
When low on magic, you restore magic in place of health.
You have large cloven feet.
Your spells are a little harder to cast, but a little more powerful.


Message History

A gargoyle comes into view. It is wielding a +1 mace of draining.
A gargoyle is nearby!
The gargoyle hurls a stone arrow at you.
The stone arrow hits you!
You hit the gargoyle. You freeze the gargoyle. Your kick misses the gargoyle.
The gargoyle is lightly damaged.
The gargoyle barely misses you.
You slash the gargoyle! You freeze the gargoyle.
You kick the gargoyle, but do no damage.
The gargoyle is heavily damaged.
The gargoyle hits you with a +1 mace of draining!
You feel drained.
You barely miss the gargoyle.
You kick the gargoyle, but do no damage.
The gargoyle is heavily damaged.
The gargoyle hurls a stone arrow at you.
The stone arrow hits you! The gargoyle misses you.
You are too injured to fight recklessly!
You are too injured to fight recklessly!
You are too injured to fight recklessly!
You hit the gargoyle but do no damage. You kick the gargoyle.
The gargoyle is almost destroyed.
The gargoyle barely misses you.
You hit the gargoyle but do no damage.
The gargoyle is almost destroyed.
The gargoyle hits you with a +1 mace of draining.
You feel drained.
You barely miss the gargoyle.
You kick the gargoyle, but do no damage.
The gargoyle is almost destroyed.
The gargoyle hurls a stone arrow at you.
The stone arrow hits you!
The gargoyle hits you with a +1 mace of draining!
* * * LOW HITPOINT WARNING * * *
You feel drained.
* * * LOW HITPOINT WARNING * * *
Okay, then.
The gargoyle hurls a stone arrow at you.
The stone arrow hits you!!
You die...

#........ .........#
##....... .........#
#....... .........#
#.....## .........+
####.....# .........#
+........#
.........##+###........#
#......................#
#.....9.@#.##..........#
#.......#..##......(.###
+....................#
+....................#
#...###..........###.#
....#................####
... #......##....##.....#
#. #......##....##..####
#................'∩#


You could see a gargoyle.

Vanquished Creatures
  A two-headed ogre (D:7)
  A steam dragon (D:6)
  3 water moccasins
  7 orc warriors
  A hornet zombie (D:5)
  A black bear (D:6)
  3 ogres
  A centaur (D:7)
  A necrophage (D:7)
  A kobold brigand (D:8)
  3 bullfrogs (D:8)
  A gnoll sergeant (D:8)
  A wyvern zombie (D:4)
  3 scorpions
  A wyvern skeleton (D:6)
  A water moccasin skeleton (D:4)
  6 killer bees
  14 wights
  A vampire bat (D:7)
  2 howler monkeys (D:8)
  4 hounds
  2 centaur zombies
  4 orc priests
  3 gnoll shamans
  3 centaur skeletons
  Jessica (D:2)
  4 iguanas
  Ijyb (D:3)
  3 orc wizards
  A killer bee zombie (D:7)
  25 gnolls
  4 adders
  2 shadow imps
  2 white imps (D:7)
  An ufetubus (D:5)
  An adder skeleton (D:4)
  4 dart slugs
  35 orcs
  10 ball pythons
  2 bat skeletons (D:7)
  4 bat zombies (D:7)
  6 endoplasms
  6 giant cockroaches
  11 goblins
  6 hobgoblins
  21 kobolds
  2 quokkas
  3 bats
  6 frilled lizards
  3 rats (D:1)
233 creatures vanquished.

Notes
Turn   | Place    | Note
-------+----------+-------------------------------------------
     0 | D:1      | Nithhogg the Demonspawn Fighter began the quest for the
                  | Orb.
     0 | D:1      | Reached XP level 1. HP: 18/18 MP: 1/1
    83 | D:1      | Gained mutation: You may rarely emit foul miasma when
                  | damaged in melee. [demonic ancestry]
    83 | D:1      | Reached XP level 2. HP: 24/24 MP: 2/2
    94 | D:1      | Reached skill level 1 in Invocations
   713 | D:1      | Found a faded altar of an unknown god.
   759 | D:2      | Reached XP level 3. HP: 29/29 MP: 4/4
  1274 | D:2      | Noticed Jessica
  1284 | D:2      | Killed Jessica
  1285 | D:2      | Reached skill level 2 in Invocations
  1285 | D:2      | Gained mutation: You regenerate magic rapidly. [demonic
                  | ancestry]
  1285 | D:2      | Reached XP level 4. HP: 32/36 MP: 5/5
  2126 | D:3      | Noticed Ijyb
  2129 | D:3      | Killed Ijyb
  2130 | D:3      | Reached skill level 3 in Invocations
  2130 | D:3      | Gained mutation: When hurt, damage is shared between your
                  | health and your magic reserves. [demonic ancestry]
  2130 | D:3      | Reached XP level 5. HP: 42/42 MP: 7/7
  2475 | D:4      | Noticed an ogre
  2626 | D:3      | Killed an ogre
  2627 | D:3      | Gained mutation: When low on magic, you restore magic in
                  | place of health. [demonic ancestry]
  2627 | D:3      | Reached XP level 6. HP: 31/48 MP: 4/8
  2892 | D:4      | Reached skill level 4 in Invocations
  3104 | D:4      | Found a broken altar of Ashenzari.
  3330 | D:5      | Entered Level 5 of the Dungeon
  4219 | D:5      | Reached XP level 7. HP: 49/55 MP: 8/10
  4309 | D:5      | Reached skill level 5 in Fighting
  4309 | D:5      | Reached skill level 5 in Invocations
  4328 | D:5      | Found Daqij's Weapon Emporium.
  4347 | D:4      | HP: 2/56 [poisoned by a killer bee]
  4644 | D:4      | Reached skill level 5 in Armour
  4644 | D:4      | Reached XP level 8. HP: 21/63 MP: 12/12
  5028 | D:5      | Reached skill level 6 in Invocations
  5706 | D:5      | Reached skill level 5 in Axes
  6326 | D:6      | Reached skill level 7 in Invocations
  6640 | D:6      | Reached XP level 9. HP: 69/71 MP: 12/14
  6673 | D:6      | Found an iron altar of Okawaru.
  6704 | D:6      | Found a sparkling altar of Nemelex Xobeh.
  6704 | D:6      | Found a shadowy altar of Dithmenos.
  7322 | D:7      | Noticed a two-headed ogre
  7347 | D:7      | Killed a two-headed ogre
  7348 | D:7      | Reached skill level 8 in Invocations
  7363 | D:7      | Gained mutation: Your spells are a little harder to cast,
                  | but a little more powerful. [potion of mutation]
  7363 | D:7      | Gained mutation: You have large cloven feet. [potion of
                  | mutation]
  7442 | D:7      | Reached skill level 9 in Invocations
  7457 | D:7      | Found a flagged portal.
  7493 | Bailey   | Entered a bailey
  8468 | Bailey   | Gained mutation: You have a pair of small antennae on your
                  | head. [demonic ancestry]
  8468 | Bailey   | Reached XP level 10. HP: 34/80 MP: 9/16
  8795 | D:7      | Found a staircase to the Ecumenical Temple.
  8813 | Temple   | Entered the Ecumenical Temple
  8975 | Temple   | Became a worshipper of Qazlal Stormbringer
  9355 | D:7      | Found an ancient bone altar of Kikubaaqudgha.
 10213 | D:8      | Reached skill level 1 in Dodging
 10449 | D:8      | Reached * piety under Qazlal
 11143 | D:9      | Found Soopsame's Armour Shoppe.
 11162 | D:9      | Noticed a gargoyle
 11172 | D:9      | Killed from afar by a gargoyle

Illustrated notes

Levels and vault maps discovered:
D:1:      minmay_arrival_plants_in_alcoves, layout_rooms,
          ebering_ecumenical_altar_webs
D:2:      layout_loops_ring, uniq_jessica
D:3:      layout_loops_ring, uniq_ijyb
D:4:      layout_rooms, kennysheep_mini_moat, kennysheep_generic_room_11
D:5:      layout_rooms, serial_shops, shop
D:6:      layout_cave_pools, chequers_temple_overflow_statue_of_worship,
          okawaru_ov_weapons_minmay
D:7:      layout_basic, kennysheep_vampire_church, minmay_temple_entry_ruins,
          enter_bailey_3
D:8:      layout_basic
D:9:      layout_irregular_city, orc_0_dummy, serial_shops, kennysheep_mini,
          hangedman_abyss_or_decor_lesser_grid, grunt_livestock,
          minmay_misc_feat_hallway
Temple:   minmay_crystal_spiral_temple

Skill      XL: |  1  2  3  4  5  6  7  8  9 10 |
---------------+-------------------------------+-----
Axes           | 2 3 4 5 6 7 |  7.2
Invocations    | 1 2 3 4 5 7 9 |  9.8
Armour         | 3 4 5 6 7 |  7.5
Fighting       | 4 5 6 7 8 |  8.2
Dodging        | 1 |  1.8
Shields        | |  2.6

Action                   |  1- 3 |  4- 6 |  7- 9 | 10-12 || total
-------------------------+-------+-------+-------+-------++-------
Melee: War axe           |    96 |   162 |   253 |    16 ||   527
       Kick              |       |       |    24 |    26 ||    50
       Battleaxe         |       |       |       |    98 ||    98
Evoke: Wand              |       |       |     9 |       ||     9
  Use: Scroll            |     2 |     1 |     9 |       ||    12
       Potion            |       |     1 |     9 |       ||    10
Armor: Scale mail        |    53 |    91 |   179 |    64 ||   387
Dodge: Dodged            |    32 |    55 |   124 |    65 ||   276
Block: Kite shield       |    55 |    89 |   174 |     8 ||   326
       Other             |       |       |       |     3 ||     3

Table legend: (Time is in decaauts)
 A = Elapsed time spent in this place.
 B = Non-inter-level travel time spent in this place.
 C = Inter-level travel time spent in this place.
 D = Time resting spent in this place.
 E = Time spent auto-exploring this place.
 F = Levels seen in this place.
 G = Mean time per level.
                   A        B        C        D        E       F      G
               +--------+--------+--------+--------+--------+-----+--------+
         Total |  11508 |  11274 |    234 |   1554 |   7832 |  11 | 1046.2 |
       Dungeon |  10026 |   9881 |    145 |   1554 |   6691 |   9 | 1114.0 |
        Temple |    221 |    132 |     89 |      0 |    127 |   1 |  221.0 |
        Bailey |   1260 |   1260 |      0 |      0 |   1014 |   1 | 1260.0 |
               +--------+--------+--------+--------+--------+-----+--------+

Top non-repeatable levels by time:
     D:4: 2495 daAuts
     D:5: 1343 daAuts
  Bailey: 1260 daAuts
     D:7: 1227 daAuts
     D:8: 1159 daAuts
     D:3: 1143 daAuts
     D:6: 1022 daAuts
     D:1: 788 daAuts
     D:2: 754 daAuts
  Temple: 221 daAuts
     D:9: 91 daAuts
